 Dungeon Crawl Stone Soup version 0.21.1-1-g345015f (webtiles) character file.

51 gnarr the Insei (level 3, -2/35 HPs)
             Began as a Gnoll Monk on July 4, 2018.
             Slain by a gnoll
             ... wielding a +0 halberd
              (7 damage)
             ... on level 3 of the Dungeon.
             The game lasted 00:01:46 (641 turns).

gnarr the Insei (Gnoll Monk)                         Turns: 641, Time: 00:01:47

Health: -2/35      AC:  2    Str: 14    XL:     3   Next: 81%
Magic:  4/4        EV: 16    Int: 12    God:
Gold:   75         SH:  0    Dex: 17    Spells: 3/3 levels left

rFire    . . .     SeeInvis .     - Unarmed
rCold    . . .     Gourm    .   (no shield)
rNeg     . . .     Faith    .   a - +0 robe
rPois    .         Spirit   .   (no helmet)
rElec    .         Reflect  .   (no cloak)
rCorr    .         Harm     .   (no gloves)
MR       .....                  (no boots)
Stlth    +++.......             (no amulet)
HPRegen  0.11/turn              (no ring)
MPRegen  0.09/turn              (no ring)

@: no status effects
A: distributed training, fangs 1, strong nose
a: no special abilities


You were on level 3 of the Dungeon.
You were not hungry.

You visited 1 branch of the dungeon, and saw 3 of its levels.

You collected 75 gold pieces.

Inventory:

Armour
 a - a +0 robe (worn)
Jewellery
 f - a cursed amulet of inaccuracy {unknown}
 h - a +6 ring of dexterity {unknown}
Scrolls
 c - 2 scrolls of remove curse
 d - a scroll of immolation
 g - a scroll of identify
 j - a scroll of enchant armour
Potions
 e - a potion of mutation {unknown}
 i - 2 potions of might {unknown}
Comestibles
 b - 3 rations


   Skills:
 + Level 6.5 Fighting
 + Level 0.9 Short Blades
 + Level 0.9 Long Blades
 + Level 0.9 Axes
 + Level 0.9 Maces & Flails
 + Level 0.9 Polearms
 + Level 0.9 Staves
 + Level 0.9 Slings
 + Level 0.9 Bows
 + Level 0.9 Crossbows
 + Level 0.9 Throwing
 + Level 0.9 Armour
 + Level 6.5 Dodging
 + Level 4.2 Stealth
 + Level 0.9 Shields
 + Level 6.5 Unarmed Combat
 + Level 0.9 Spellcasting
 + Level 0.6 Conjurations
 + Level 0.6 Hexes
 + Level 0.6 Charms
 + Level 0.6 Summonings
 + Level 0.6 Necromancy
 + Level 0.6 Translocations
 + Level 0.6 Transmutations
 + Level 0.6 Fire Magic
 + Level 0.6 Ice Magic
 + Level 0.6 Air Magic
 + Level 0.6 Earth Magic
 + Level 0.6 Poison Magic
 + Level 1.0 Invocations
 + Level 0.9 Evocations


You had 3 spell levels left.
You didn't know any spells.

Dungeon Overview and Level Annotations

Branches:
Dungeon (3/15)

Altars:

Annotations:
D:3 Jessica


Innate Abilities, Weirdness & Mutations

Your experience applies equally to all skills.
You have very sharp teeth.
Your uncanny sense of smell can sniff out nearby items.


Message History

You kill the gnoll!
An orc comes into view.
The orc shouts!
You hear a shout! x2
Jessica the Apprentice Sorceress comes into view.
Jessica shouts!
As you read the scroll labeled HUYBOV YCLEGUU, it crumbles to dust.
The creatures around you are filled with an inner flame!
It was a scroll of immolation.
You hear a shout!
The orc shouts!
You hear a shout!
The gnoll hits you from afar with a halberd.
* * * LOW HITPOINT WARNING * * *
As you read the scroll labeled RUUGUJ EDWUPLAA, it crumbles to dust.
You feel blessed for a moment.
It was a scroll of remove curse.
The gnoll barely misses you.
As you read the scroll labeled HUAKLY HEANUNK, it crumbles to dust.
It is a scroll of identify.
j - a scroll of enchant armour The orc misses you.
The gnoll hits you from afar with a halberd!
You die...

#.bg..#...(#
##...##....######
.....>..rogg†..#
#.....########.#
......+ ..#o#
##....# ###.#g#
...... ...#.#
#.....#####.#.##
#@o@.ggo...#
#########..# ...#
##.# .# .# .#


You could see 2 gnolls, Jessica (inner flame) and 2 orcs.

Vanquished Creatures
  2 gnolls (D:3)
  An adder (D:3)
  A dart slug (D:1)
  A giant cockroach (D:1)
  2 goblins (D:1)
  3 hobgoblins (D:1)
  A quokka (D:3)
  4 bats
  3 frilled lizards (D:1)
  3 rats
21 creatures vanquished.

Notes
Turn   | Place    | Note
-------+----------+-------------------------------------------
     0 | D:1      | gnarr the Gnoll Monk began the quest for the Orb.
     0 | D:1      | Reached XP level 1. HP: 23/23 MP: 1/1
   152 | D:1      | Reached XP level 2. HP: 18/29 MP: 2/2
   588 | D:3      | Reached XP level 3. HP: 34/35 MP: 3/3
   625 | D:3      | Reached skill level 1 in Invocations
   638 | D:3      | Noticed Jessica
   641 | D:3      | Slain by a gnoll

Skill      XL: |  1  2  3 |
---------------+----------+-----
Invocations    | 1 |  1.0
Fighting       | |  6.5
Short Blades   | |  0.9
Long Blades    | |  0.9
Axes           | |  0.9
Maces & Flails | |  0.9
Polearms       | |  0.9
Staves         | |  0.9
Slings         | |  0.9
Bows           | |  0.9
Crossbows      | |  0.9
Throwing       | |  0.9
Armour         | |  0.9
Dodging        | |  6.5
Stealth        | |  4.2
Shields        | |  0.9
Unarmed Combat | |  6.5
Spellcasting   | |  0.9
Conjurations   | |  0.6
Hexes          | |  0.6
Charms         | |  0.6
Summonings     | |  0.6
Necromancy     | |  0.6
Translocations | |  0.6
Transmutations | |  0.6
Fire Magic     | |  0.6
Ice Magic      | |  0.6
Air Magic      | |  0.6
Earth Magic    | |  0.6
Poison Magic   | |  0.6
Evocations     | |  0.9

Action                   || total
-------------------------++-------
Melee: Unarmed           ||    54
       Punch             ||     2
       Bite              ||     3
  Use: Scroll            ||     3
 Stab: Sleeping          ||     4
Armor: Robe              ||     5
Dodge: Dodged            ||    60
